General information
- name: BNet
- type: Ladder team game (AT/RT)
- host: Battle.net
- saver: Gobiner
map: SilverpineForest
- players: 6
- length: 17:04
- speed: Fast
- version: 1.21 W3XP
- replay type: Public
» download(109 KB)
Players
team 1 (loser)
Aken[e] (
pink | 35 APM | 578 actions | 16:17)
3 Tauren Chieftain
2 Endurance Aura
1 Shockwave
» actions
| Basic commands | 4 | |
| Build / train | 42 | |
| Enter build submenu | 11 | |
| Enter hero's abilities submenu | 3 | |
| Right click | 239 | |
| Select / deselect | 257 | |
| Use ability | 22 | |
578 total
» units
| Peon | 13 | |
| Troll Batrider | 7 | |
| Shaman | 4 | |
24 total
» upgrades
| Liquid Fire | 1 | |
| Shaman Training | 2 | |
| Ranged Weapons | 1 | |
4 total
» buildings
| Altar of Storms | 1 | |
| Orc Burrow | 5 | |
| Stronghold | 3 | |
| Beastiary | 2 | |
| Fortress | 2 | |
| Voodoo Lounge | 1 | |
| War Mill | 1 | |
| Spirit Lodge | 1 | |
16 total
» build order
01:16 Altar of Storms
01:42 Orc Burrow
04:19 Orc Burrow
06:47 Stronghold
06:47 Stronghold
09:27 Beastiary
09:30 Beastiary
09:45 Fortress
09:45 Fortress
09:54 Orc Burrow
10:43 Voodoo Lounge
11:25 War Mill
12:55 Spirit Lodge
14:09 Orc Burrow
14:40 Orc Burrow
conflictz (
yellow | 157 APM | 2563 actions | 16:21)
4 Archmage
2 Summon Water Elemental
2 Brilliance Aura
3 Mountain King
2 Storm Bolt
1 Bash
» actions
| Assign group hotkey | 40 | |
| Basic commands | 6 | |
| Build / train | 67 | |
| ESC pressed | 1 | |
| Enter build submenu | 29 | |
| Enter hero's abilities submenu | 7 | |
| Right click | 1298 | |
| Select / deselect | 431 | |
| Select group hotkey | 617 | |
| Use ability | 67 | |
2563 total
» units
| Peasant | 24 | |
| Rifleman | 19 | |
| Gryphon Rider | 4 | |
47 total
» upgrades
| Gunpowder | 2 | |
| Armor | 2 | |
| Long Rifles | 1 | |
| Lumber Harvesting | 1 | |
| Storm Hammers | 1 | |
| Animal War Training | 1 | |
8 total
» buildings
| Altar of Kings | 1 | |
| Farm | 16 | |
| Blacksmith | 1 | |
| Barracks | 3 | |
| Arcane Vault | 1 | |
| Keep | 1 | |
| Lumber Mill | 1 | |
| Castle | 1 | |
| Gryphon Aviary | 2 | |
27 total
» build order
00:06 Altar of Kings
00:08 Farm
00:13 Blacksmith
00:17 Barracks
00:21 Barracks
00:31 Barracks
00:43 Farm
00:47 Farm
01:27 Farm
01:28 Farm
01:33 Arcane Vault
02:03 Farm
02:29 Farm
02:56 Farm
03:01 Farm
03:35 Keep
03:47 Farm
04:26 Farm
04:50 Farm
04:53 Lumber Mill
05:01 Farm
05:41 Farm
06:05 Castle
06:19 Farm
06:23 Gryphon Aviary
07:27 Farm
08:07 Gryphon Aviary
» items
etheraL (
purple | 34 APM | 585 actions | 17:03)
1 Death Knight
1 Death Coil
» actions
| Assign group hotkey | 30 | |
| Basic commands | 135 | |
| Build / train | 60 | |
| Enter build submenu | 9 | |
| Enter hero's abilities submenu | 1 | |
| Remove unit from queue | 4 | |
| Right click | 146 | |
| Select / deselect | 101 | |
| Select group hotkey | 85 | |
| Use ability | 14 | |
585 total
» units
| Acolyte | 2 | |
| Ghoul | 5 | |
| Crypt Fiend | 40 | |
47 total
» buildings
| Altar of Darkness | 1 | |
| Ziggurat | 5 | |
| Crypt | 1 | |
| Graveyard | 1 | |
| Halls of the Dead | 3 | |
| Nerubian Tower | 1 | |
12 total
» build order
01:22 Altar of Darkness
02:06 Ziggurat
07:07 Crypt
07:56 Ziggurat
08:34 Graveyard
09:44 Ziggurat
09:47 Ziggurat
09:54 Ziggurat
15:04 Halls of the Dead
15:04 Halls of the Dead
15:04 Halls of the Dead
16:13 Nerubian Tower
team 2 (winner)
Blahsmack (
orange | 48 APM | 811 actions | 17:04)
4 Blademaster
2 Wind Walk
2 Critical Strike
» actions
| Basic commands | 38 | |
| Build / train | 51 | |
| Enter build submenu | 29 | |
| Enter hero's abilities submenu | 4 | |
| Remove unit from queue | 1 | |
| Right click | 416 | |
| Select / deselect | 192 | |
| Use ability | 80 | |
811 total
» units
» upgrades
| Reinforced Defenses | 1 | |
| Liquid Fire | 1 | |
2 total
» buildings
| War Mill | 1 | |
| Altar of Storms | 1 | |
| Orc Burrow | 4 | |
| Watch Tower | 30 | |
| Voodoo Lounge | 4 | |
| Stronghold | 1 | |
| Beastiary | 2 | |
| Fortress | 3 | |
46 total
» build order
00:12 War Mill
00:24 Altar of Storms
00:32 Orc Burrow
01:42 Watch Tower
02:04 Orc Burrow
02:23 Voodoo Lounge
03:02 Watch Tower
03:34 Watch Tower
03:39 Watch Tower
03:47 Watch Tower
04:01 Watch Tower
04:09 Watch Tower
04:15 Watch Tower
04:16 Watch Tower
04:25 Watch Tower
04:51 Stronghold
05:19 Watch Tower
05:40 Watch Tower
05:44 Watch Tower
05:57 Watch Tower
06:10 Watch Tower
06:35 Watch Tower
06:37 Watch Tower
06:41 Watch Tower
07:08 Orc Burrow
07:10 Orc Burrow
07:55 Beastiary
07:56 Beastiary
08:45 Watch Tower
08:47 Watch Tower
08:49 Watch Tower
12:31 Fortress
12:31 Fortress
12:31 Fortress
14:12 Watch Tower
14:13 Watch Tower
14:14 Watch Tower
15:13 Voodoo Lounge
15:24 Voodoo Lounge
15:30 Voodoo Lounge
16:48 Watch Tower
16:50 Watch Tower
16:51 Watch Tower
16:53 Watch Tower
16:54 Watch Tower
16:56 Watch Tower
» items
| Healing Salve | 1 | |
| Lesser Clarity Potion | 1 | |
| Potion of Healing | 1 | |
| Potion of Mana | 1 | |
4 total
Gobiner (
blue | 44 APM | 748 actions | 17:04)
3 Mountain King
2 Storm Bolt
1 Bash
» actions
| Assign group hotkey | 6 | |
| Basic commands | 13 | |
| Build / train | 46 | |
| ESC pressed | 6 | |
| Enter build submenu | 45 | |
| Enter hero's abilities submenu | 3 | |
| Give item / drop item | 1 | |
| Right click | 260 | |
| Select / deselect | 168 | |
| Select group hotkey | 113 | |
| Use ability | 87 | |
748 total
» units
» upgrades
» buildings
| Altar of Kings | 2 | |
| Lumber Mill | 1 | |
| Farm | 6 | |
| Scout Tower | 41 | |
| Arcane Tower | 1 | |
| Guard Tower | 18 | |
| Arcane Vault | 1 | |
| Keep | 1 | |
| Town Hall | 2 | |
73 total
» build order
00:06 Altar of Kings
00:15 Lumber Mill
00:23 Farm
00:42 Scout Tower
01:20 Scout Tower
01:31 Arcane Tower
01:37 Farm
01:56 Guard Tower
01:58 Scout Tower
02:38 Guard Tower
02:39 Scout Tower
02:40 Scout Tower
02:40 Scout Tower
03:06 Arcane Vault
03:29 Guard Tower
03:31 Guard Tower
04:11 Keep
04:13 Guard Tower
04:20 Scout Tower
04:49 Scout Tower
04:50 Scout Tower
04:51 Scout Tower
04:51 Scout Tower
04:52 Scout Tower
04:53 Scout Tower
04:54 Scout Tower
04:56 Guard Tower
05:34 Guard Tower
05:38 Scout Tower
05:39 Scout Tower
05:52 Farm
05:52 Farm
06:11 Guard Tower
06:14 Scout Tower
06:15 Scout Tower
06:17 Scout Tower
06:44 Guard Tower
06:56 Guard Tower
07:27 Scout Tower
07:28 Scout Tower
07:29 Scout Tower
07:56 Guard Tower
07:58 Guard Tower
08:25 Farm
08:29 Farm
08:39 Altar of Kings
10:45 Town Hall
10:58 Town Hall
12:55 Scout Tower
12:57 Scout Tower
12:58 Scout Tower
13:25 Guard Tower
13:26 Guard Tower
13:30 Scout Tower
13:30 Scout Tower
13:31 Scout Tower
14:11 Guard Tower
14:56 Guard Tower
15:00 Scout Tower
15:00 Scout Tower
15:01 Scout Tower
15:02 Scout Tower
15:50 Guard Tower
15:53 Scout Tower
15:54 Scout Tower
15:54 Scout Tower
15:59 Scout Tower
16:00 Scout Tower
16:01 Scout Tower
16:01 Scout Tower
16:02 Scout Tower
16:03 Scout Tower
16:40 Guard Tower
» items
| Lesser Clarity Potion | 1 | |
| Healing Salve | 1 | |
| Staff of Teleportation | 1 | |
| Boots of Speed | 2 | |
| Orb of Lightning | 1 | |
6 total
Gobinerself (
teal | 91 APM | 1552 actions | 17:04)
6 Mountain King
3 Storm Bolt
2 Bash
1 Avatar
3 Paladin
2 Holy Light
1 Divine Shield
» actions
| Assign group hotkey | 4 | |
| Basic commands | 10 | |
| Build / train | 86 | |
| Enter build submenu | 29 | |
| Enter hero's abilities submenu | 10 | |
| Give item / drop item | 12 | |
| Right click | 823 | |
| Select / deselect | 231 | |
| Select group hotkey | 214 | |
| Use ability | 133 | |
1552 total
» units
» upgrades
| Masonry | 2 | |
| Lumber Harvesting | 1 | |
3 total
» buildings
| Altar of Kings | 1 | |
| Farm | 4 | |
| Scout Tower | 35 | |
| Lumber Mill | 1 | |
| Arcane Tower | 2 | |
| Arcane Vault | 1 | |
| Guard Tower | 12 | |
| Keep | 1 | |
| Town Hall | 1 | |
| Castle | 1 | |
59 total
» build order
00:06 Altar of Kings
00:20 Farm
00:35 Scout Tower
00:42 Lumber Mill
01:03 Arcane Tower
01:17 Farm
02:08 Arcane Vault
02:57 Scout Tower
02:57 Scout Tower
02:59 Scout Tower
03:22 Scout Tower
03:24 Scout Tower
03:34 Guard Tower
03:36 Scout Tower
03:44 Farm
04:00 Guard Tower
04:03 Guard Tower
04:22 Arcane Tower
04:25 Scout Tower
04:26 Scout Tower
05:04 Scout Tower
05:09 Guard Tower
06:12 Guard Tower
06:16 Scout Tower
06:18 Scout Tower
06:21 Scout Tower
06:21 Scout Tower
07:26 Keep
07:31 Farm
07:53 Guard Tower
08:13 Town Hall
11:36 Scout Tower
11:36 Scout Tower
11:37 Scout Tower
11:37 Scout Tower
12:07 Guard Tower
12:09 Scout Tower
12:09 Scout Tower
12:37 Guard Tower
13:40 Castle
13:41 Guard Tower
13:45 Scout Tower
13:45 Scout Tower
14:14 Scout Tower
14:15 Scout Tower
14:15 Scout Tower
14:16 Guard Tower
14:44 Guard Tower
15:09 Scout Tower
15:11 Scout Tower
15:12 Scout Tower
16:28 Guard Tower
16:58 Scout Tower
16:59 Scout Tower
17:00 Scout Tower
17:01 Scout Tower
17:02 Scout Tower
17:02 Scout Tower
» items
| Scroll of Regeneration | 3 | |
| Lesser Clarity Potion | 7 | |
| Boots of Speed | 1 | |
| Staff of Teleportation | 2 | |
| Healing Salve | 2 | |
| Potion of Mana | 4 | |
| Potion of Healing | 4 | |
| Pendant of Mana | 1 | |
| Staff of Sanctuary | 1 | |
25 total
Chat log
(00:10 / Allies) Gobinerself: thats what im doing gob
(00:14 / Allies) Gobinerself: prob
(00:15 / Allies) Gobinerself: who cares
(00:28 / Allies) Gobinerself: and prob an alch too
(00:53 / Allies) Gobinerself: and then stakc them with giant items
(00:59 / Allies) Gobinerself: yeah rush to 3
(01:26 / Allies) Gobinerself: militia creep real ez
(01:35 / Allies) Gobinerself: just showing you whats ez
(01:47 / Allies) Gobinerself: then we should bolt creep the mid ogres with clarity potions
(01:48 / Allies) Gobiner: crep
(01:49 / Allies) Gobinerself: yes
(03:17 / Allies) Gobinerself: thats a feed
(05:23 / Allies) Gobinerself: oh
(06:41 / Allies) Gobinerself: ugh a priest
(07:42 / Allies) Gobinerself: silence staff
(08:27 / Allies) Gobinerself: ps this is why you need 3 quick
(08:41 / Allies) Gobinerself: tbh yes it would
(11:45 / Allies) Gobinerself: jesus christ i own
(11:59 / Allies) Gobinerself: im nearly 6
(12:03 / Allies) Gobinerself: from the 20 rifles i killed
(12:55 / Allies) Gobinerself: get this item gob
(13:27 / Allies) Gobinerself: thanks
(13:51 / Allies) Gobinerself: oh didnt see that
(16:10 / Allies) Gobinerself: nope
(16:22 / All) Gobiner: 2ez
(16:24 / All) Gobinerself: 2ez noobs owned by mk
(16:25 / All) Gobiner: noobs
(16:53 / Allies) Gobinerself: these last 2 games have basically been a guide to playing mk like sky
(17:02 / All) etheraL: DIE NOOBS FAGGOTS